 Dungeon Sprint DCSS version 0.29-a0-925-g0a7a3d12f8 (webtiles) character file.

Game seed: 5847906681211035283

2546 Hipnos the Basher (level 9, -2/68 HPs)
             Began as a Gargoyle Chaos Knight on July 28, 2022.
             Was a Plaything of Xom.
             Slain by a polar bear (10 damage)
             ... in the Dungeon (Sprint II: "The Violet Keep of Menkaure").
             The game lasted 00:08:29 (961 turns).

Hipnos the Basher (Gargoyle Chaos Knight)            Turns: 961, Time: 00:08:30

Health: -2/68      AC: 27    Str: 20    XL:     9   Next: 55%
Magic:  10/10      EV:  7    Int: 11    God:    Xom [*.....]
Gold:   33         SH:  5    Dex:  9    Spells: 8/8 levels left

rFire   . . .      SeeInvis .   a - +0 mace (chaos)
rCold   . . .      Faith    .   h - +1 buckler {AC+3}
rNeg    + + .      Spirit   .   j - +4 plate armour {rN+}
rPois   ∞          Reflect  .   (no helmet)
rElec   +          Harm     .   (no cloak)
rCorr   .          Rampage  .   (no gloves)
Will    .....      NoTele   +   (no boots)
Stlth   ..........              (no amulet)
HPRegen 0.21/turn               (no ring)
MPRegen 0.12/turn               (no ring)

@: unable to drink, very slow
A: sickness immunity, AC +6, negative energy resistance 1, electricity
resistance, torment resistance 1, petrification resistance, dopey 1, low MP 1,
inability to drink while threatened 1
a: Renounce Religion


You were in the Dungeon.
You worshipped Xom.
You were a special plaything of Xom.
You visited 1 branch You collected 729 gold pieces.
You spent 696 gold pieces at shops.

Inventory:

Hand Weapons
 a - a +0 mace of chaos (weapon)
Armour
 b - a +2 leather armour
 h - a +1 buckler of protection (worn)
 j - a +4 plate armour of positive energy (worn)
Scrolls
 i - a scroll of blinking
 k - a scroll of identify {unknown}
Potions
 d - a potion of curing
 e - a potion of heal wounds
 f - a potion of haste
 g - 2 potions of magic
Miscellaneous
 c - a piece from Xom's chessboard (15/15) (quivered)


   Skills:
 + Level 13.0 Fighting
 + Level 13.3 Maces & Flails
 + Level 9.1 Armour
 + Level 4.0 Dodging
 + Level 4.6 Shields
 - Level 3.6 Invocations
 * Level 6.6 Evocations


You had 8 spell levels left.
You didn't know any spells.
Your spell library was empty.

Dungeon Overview and Level Annotations

Branches:
Dungeon (1/1)

Altars:
Cheibriados
Dithmenos
Elyvilon
Hepliaklqana
Kikubaaqudgha
Makhleb
Qazlal
Ru
Sif Muna
Trog
Uskayaw
Vehumet
Wu Jian
Xom
Yredelemnul
Zin
The Shining One
Jiyva
Lugonu

Shops:
D [[:=!(:[?:=:![!

Annotations:
D exclusions: oklob plant and orange crystal statue


Innate Abilities, Weirdness & Mutations

You are immune to sickness and miasma.
Your stone body is resilient. (AC +6)
You are immune to poison.
You resist negative energy. (rN+)
You are resistant to electric shocks. (rElec)
You are resistant to unholy torment.
You are immune to petrification.
You are dopey. (Int -2)
Your magical capacity is low. (-10% MP)
You occasionally lose the ability to drink potions when taking damage.


Message History

Your Armour skill increases to level 9!
You hit something but do no damage. Something bites you but does no damage.
Something completely misses you. Something claws you but does no damage.
You miss something. You hit something. You burn something.
You are engulfed in a cloud of scalding steam.
Something bites you but does no damage.
Something claws you but does no damage. x2
You hit something but do no damage.
A polar bear appears from thin air!
Reactivating autopickup.
You block the polar bear's attack.
The polar bear claws you but does no damage. x2
You hit the polar bear.
The polar bear is poisoned.
The polar bear is moderately wounded.
You block the polar bear's attack. The polar bear claws you.
The polar bear claws you but does no damage.
You barely miss the polar bear.
The polar bear is moderately wounded.
You block the polar bear's attack. x2; The polar bear barely misses you.
You hit the polar bear.
You feel better.
The polar bear is moderately wounded.
You sock the polar bear!
The polar bear looks as sick as possible!
The polar bear is heavily wounded.
The polar bear is engulfed in a cloud of scalding steam.
The polar bear goes berserk!
Xom thinks this is hilarious!
You barely miss the polar bear.
The polar bear is severely wounded.
The polar bear is engulfed in a cloud of scalding steam.
The polar bear bites you!!
You feel threatened and lose the ability to drink potions!
* * * LOW HITPOINT WARNING * * *
You block the polar bear's attack.
The polar bear claws you but does no damage.
Really walk into that cloud of steam?
Okay, then.
You enter the shallow water.
Moving in this stuff is going to be slow.
The polar bear bites you!
You die...

≈≈≈#..#).#....#
≈####...####..## .# c
##.###'###.##..# D .#h #
#.#.##.###..#..# ^# .#
'###§§<.'##.+..### ^##.#
#.#§##.##.#.#....###)..##▓▓
##.###+###.##..§§†.≈≈≈≈≈≈≈≈
≈### ###≈≈§§§..†#+#####
≈≈≈# B B #≈≈≈≈§§@h.≈#..._._
†#≈## ##§≈≈≈≈§≈§.≈#_._._.
.#≈≈##+##≈≈≈§≈§§≈≈≈≈#._._._
###≈≈≈≈≈≈≈≈≈≈≈≈≈§≈§§#_._._.
#+++#+++#≈§§≈≈§§§§#._._._
≈§§≈§≈##≈§§###≈≈#_._._.
§≈§≈§§≈≈≈##≈≈# #§§#._._..
§≈≈§§8≈§§§≈§≈≈# #≈≈#.._...
#≈≈≈≈≈§§≈≈##§≈≈§ ≈≈######


You could see a polar bear (berserk, extremely poisoned).

Vanquished Creatures
  A merfolk siren (D)
  A hornet (D)
  3 polar bears (D)
  2 wyverns (D)
  3 neqoxecs (D)
  A vampire mosquito (D)
  2 water moccasins (D)
13 creatures vanquished.

Vanquished Creatures (collateral kills)
  A yaktaur (D)
1 creature vanquished.

Vanquished Creatures (others)
  A neqoxec (D)
  Menkaure (D)
2 creatures vanquished.

Grand Total: 16 creatures vanquished

Notes
Turn   | Place    | Note
-------+----------+-------------------------------------------
     0 | D        | Hipnos the Gargoyle Chaos Knight began the quest for the
                  | Orb.
     0 | D        | Reached XP level 1. HP: 14/14 MP: 1/1
     1 | D        | Noticed a wyvern
     1 | D        | Noticed a wyvern
     5 | D        | Noticed a neqoxec
     5 | D        | Noticed a neqoxec
     6 | D        | Gained mutation: You occasionally lose the ability to drink
                  | potions when taking damage. [a neqoxec]
     8 | D        | XOM: butterfly on damage
    13 | D        | Gained mutation: You are dopey. (Int -2) [a neqoxec]
    15 | D        | Killed a neqoxec
    15 | D        | Gained mutation: Your magical capacity is low. (-10% MP) [a
                  | neqoxec]
    16 | D        | Reached skill level 1 in Dodging
    16 | D        | Reached XP level 2. HP: 5/25 MP: 1/1
    16 | D        | Reached XP level 3. HP: 5/29 MP: 2/2
    16 | D        | Reached XP level 4. HP: 7/35 MP: 3/3
    16 | D        | Reached XP level 5. HP: 7/39 MP: 4/4
    18 | D        | Killed a neqoxec
    18 | D        | Noticed a neqoxec
    19 | D        | Reached skill level 5 in Armour
    19 | D        | Reached XP level 6. HP: 9/46 MP: 5/5
    20 | D        | HP: 3/69 [neqoxec (7)]
    21 | D        | XOM: potion effect (experience)
    21 | D        | Reached skill level 10 in Fighting
    21 | D        | Reached XP level 7. HP: 3/52 MP: 5/8
    22 | D        | Killed a neqoxec
    23 | D        | Reached skill level 10 in Maces & Flails
    56 | D        | Killed Menkaure
   113 | D        | Killed a neqoxec
   312 | D        | Found a glowing golden altar of the Shining One.
   312 | D        | Found an ornate altar of the Wu Jian Council.
   335 | D        | Noticed a merfolk siren
   342 | D        | XOM: potion effect (haste)
   344 | D        | XOM: divination: detect creatures
   348 | D        | Killed a merfolk siren
   349 | D        | Reached XP level 8. HP: 58/60 MP: 9/9
   384 | D        | Killed a wyvern
   389 | D        | HP: 3/60 [wyvern (7)]
   390 | D        | Killed a wyvern
   618 | D        | XOM: cloud trail
   681 | D        | Found Lealun's Jewellery Emporium.
   681 | D        | Found Yfileq's Distillery.
   681 | D        | Found Awilo's Antique Armour Shoppe.
   681 | D        | Found Leyty's Distillery.
   681 | D        | Found Huquqota's Book Shoppe.
   681 | D        | Found Semoruab's Book Shoppe.
   681 | D        | Found Leil Cae's Antique Armour Shoppe.
   682 | D        | Found Qeumpiati's Magic Scroll Emporium.
   682 | D        | Found Rostol's Book Shoppe.
   686 | D        | Found Valem's Antique Weapon Shoppe.
   686 | D        | Noticed a yak
   687 | D        | Noticed a yak
   688 | D        | Found Zudwan's Distillery.
   688 | D        | Found Xocs's Jewellery Shoppe.
   688 | D        | Noticed a yak
   688 | D        | Noticed an oklob plant
   688 | D        | Noticed an iron elemental
   710 | D        | Reached skill level 5 in Evocations
   712 | D        | Found Featsul's Antique Armour Shoppe.
   712 | D        | Found Olia's Book Shoppe.
   712 | D        | Found Yffot's Armour Emporium.
   723 | D        | Noticed a shining eye
   731 | D        | Bought a runed buckler for 202 gold pieces
   743 | D        | Bought a glowing plate armour for 494 gold pieces
   756 | D        | XOM: cloud trail
   891 | D        | Noticed an orange crystal statue
   900 | D        | Found a stormy altar of Qazlal.
   901 | D        | Found a shimmering altar of Xom.
   901 | D        | Found a sacrificial altar of Ru.
   901 | D        | Found a hazy altar of Hepliaklqana.
   902 | D        | Found a basalt altar of Yredelemnul.
   902 | D        | Found a shimmering blue altar of Sif Muna.
   902 | D        | Found a viscous altar of Jiyva.
   903 | D        | Found a bloodstained altar of Trog.
   903 | D        | Found a glowing silver altar of Zin.
   903 | D        | Found an ancient bone altar of Kikubaaqudgha.
   903 | D        | Found a snail-covered altar of Cheibriados.
   904 | D        | Found a hide-covered altar of Uskayaw.
   904 | D        | Found a corrupted altar of Lugonu.
   904 | D        | Found a shadowy altar of Dithmenos.
   904 | D        | Noticed a polar bear
   904 | D        | Noticed a polar bear
   904 | D        | Noticed a polar bear
   905 | D        | Found a radiant altar of Vehumet.
   905 | D        | Found a burning altar of Makhleb.
   905 | D        | Found a white marble altar of Elyvilon.
   905 | D        | Noticed a yaktaur
   907 | D        | Noticed a hornet
   913 | D        | XOM: confuse monster(s)
   921 | D        | Killed a polar bear
   922 | D        | Reached XP level 9. HP: 61/66 MP: 10/10
   927 | D        | Killed a polar bear
   927 | D        | Killed a yaktaur
   929 | D        | Killed a polar bear
   951 | D        | Killed a hornet
   961 | D        | Slain by a polar bear

Illustrated notes

Levels and vault maps discovered:
D:        the_violet_keep_of_menkaure [sprint2_stairs_cluster_1,
          sprint2_shoproom, sprint2_temple, sprint2_basic_supplies,
          sprint2_obstacle_4, sprint2_obstacle_1, sprint2_obstacle_5,
          sprint2_obstacle_6, sprint2_obstacle_7, sprint2_timed_cluster_1,
          sprint2_smallroom_cluster_1, sprint2_smallroom_final_cluster_1,
          sprint2_transparent_cluster_1, sprint2_second_timed_cluster_1,
          sprint2_sniper_area_1, sprint2_heavy_combat_area_1,
          sprint2_mutation_trap_area_1, sprint2_forest_area_1,
          sprint2_light_combat_area_1, sprint2_behind_water_1,
          sprint2_near_end_vault_1]

Skill      XL: |  1  2  3  4  5  6  7  8  9 |
---------------+----------------------------+-----
Fighting       | 7 9 10 11 12 13 | 13.0
Maces & Flails | 7 8 9 11 12 13 | 13.3
Armour         | 4 5 6 7 8 9 |  9.1
Dodging        | 1 3 4 |  4.0
Shields        | 3 4 |  4.6
Invocations    | 3 |  3.6
Evocations     | 3 4 5 6 |  6.6

Action                   |  1- 3 |  4- 6 |  7- 9 || total
-------------------------+-------+-------+-------++-------
Melee: Mace              |     8 |     5 |   110 ||   123
       Punch             |       |       |     2 ||     2
Evoke: Piece from Xom's  |       |       |    11 ||    11
  Use: Potion            |     1 |       |       ||     1
 Stab: Petrified         |       |       |    10 ||    10
       Petrifying        |       |       |     1 ||     1
Armor: Leather armour    |       |       |    15 ||    15
       Plate armour      |       |       |   118 ||   118
Dodge: Dodged            |     2 |     1 |    34 ||    37
Block: Buckler           |       |       |    28 ||    28

Table legend: (Time is in decaauts)
 A = Elapsed time spent in this place.
 B = Non-inter-level travel time spent in this place.
 C = Inter-level travel time spent in this place.
 D = Time resting spent in this place.
 E = Time spent auto-exploring this place.
 F = Levels seen in this place.
 G = Mean time per level.
                   A        B        C        D        E       F      G
               +--------+--------+--------+--------+--------+-----+--------+
         Total |    956 |    956 |      0 |    648 |      0 |   1 |  956.0 |
       Dungeon |    956 |    956 |      0 |    648 |      0 |   1 |  956.0 |
               +--------+--------+--------+--------+--------+-----+--------+

Top non-repeatable levels by time:
       D: 956 daAuts
